 Dungeon Crawl Stone Soup version 0.27-a0-686-gaed091b46b (webtiles) character file.

Game seed: 15370555437790402716

39 sahdkjhfkaj the Skirmisher (level 3, -2/33 HPs)
             Began as a Draconian Fighter on Mar 20, 2021.
             Slain by a gnoll
             ... wielding a +0 spear
              (12 damage)
             ... on level 1 of the Dungeon.
             The game lasted 00:00:50 (1316 turns).

sahdkjhfkaj the Skirmisher (Draconian Fighter)      Turns: 1316, Time: 00:00:51

Health: -2/33      AC:  5    Str: 18    XL:     3   Next: 26%
Magic:  3/3        EV: 10    Int:  9    God:
Gold:   62         SH:  9    Dex: 10    Spells: 2/2 levels left

rFire    . . .     SeeInvis .   a - +0 rapier
rCold    . . .     Faith    .   b - +0 kite shield
rNeg     . . .     Spirit   .   (armour unavailable)
rPois    .         Reflect  .   (helmet restricted)
rElec    .         Harm     .   (no cloak)
rCorr    .         Rampage  .   (no gloves)
Will     .....                  (no boots)
Stlth    +.........             (no amulet)
HPRegen  0.11/turn              (no ring)
MPRegen  0.08/turn              (no ring)

@: no status effects
A: AC +5, unfitting armour, cold-blooded
a: no special abilities


You were on level 1 of the Dungeon.
You visited 1 branch of the dungeon, and saw 2 of its levels.

You collected 62 gold pieces.

Inventory:

Hand Weapons
 a - a +0 rapier (weapon)
Armour
 b - a +0 kite shield (worn)
Scrolls
 d - a scroll of amnesia {unknown}
 f - 2 scrolls of teleportation {unknown}
 g - a scroll of identify {unknown}
 i - a scroll of immolation {unknown}
Potions
 c - a potion of might
 e - a potion of curing {unknown}
 h - 2 potions of lignification {unknown}


   Skills:
 - Level 4.0 Fighting
 - Level 2.0 Short Blades
 - Level 2.6 Dodging
 + Level 3.9 Shields


You had 2 spell levels left.
You didn't know any spells.
Your spell library was empty.

Dungeon Overview and Level Annotations

Branches:
Dungeon (2/15)

Altars:


Innate Abilities, Weirdness & Mutations

Your plain brown scales are hard. (AC +5)
You cannot fit into any form of body armour.
You are cold-blooded and may be slowed by cold attacks.


Message History

HP restored.
You climb downwards.
The bat hits you but does no damage. The bat hits you.
The gnoll hits you with a +0 spear!
A hobgoblin comes into view.
You block the bat's attack. The gnoll hits you with a +0 spear!
There is a stone staircase leading up, spattered with blood here.
The bat barely misses you. You block the bat's attack.
The gnoll hits you from afar with a +0 spear.
You block the gnoll's attack.
You climb upwards.
There is a stone staircase leading down here.
You are too injured to fight recklessly!
You are too injured to fight recklessly!
Unknown command.
You barely miss the gnoll.
You tail-slap the gnoll, but do no damage.
The bat hits you.
* * * LOW HITPOINT WARNING * * *
You block the gnoll's attack.
Unknown command.
You barely miss the gnoll. You tail-slap the gnoll.
The gnoll is moderately wounded.
You block the bat's attack. The bat hits you but does no damage.
You block the gnoll's attack.
Unknown command.
You hit the gnoll.
The gnoll is heavily wounded.
The bat hits you but does no damage. You block the gnoll's attack. x2
Unknown command.
You hit the gnoll but do no damage.
The gnoll is heavily wounded.
The bat barely misses you. The gnoll hits you but does no damage.
You hit the gnoll but do no damage.
The gnoll is heavily wounded.
You block the bat's attack. The gnoll completely misses you.
Unknown command.
You hit the gnoll.
Your tail-slap misses the gnoll.
The gnoll is heavily wounded.
The bat hits you but does no damage. The gnoll hits you with a +0 spear!
You die...

.................# #......#
#.........###'#### #.####.#
..........# #># ### #.#
(.........# #)# #.#
#.........###'######### #.#
..#'########[.........####.#
###........'..........'....#
############..........######
....[......')...@.....#
#########.##....g.b...#
#.##..........#
#.##..........#
#.##..........#
#.##..........#
#.##..........#
#.############# #.#


You could see a gnoll and a bat.

Vanquished Creatures
  A gnoll (D:2)
  A dart slug (D:1)
  A giant cockroach (D:1)
  2 goblins (D:1)
  4 hobgoblins
  4 jackals (D:1)
  2 kobolds (D:1)
  3 bats
  5 frilled lizards
  4 rats (D:1)
27 creatures vanquished.

Notes
Turn   | Place    | Note
-------+----------+-------------------------------------------
     0 | D:1      | sahdkjhfkaj the Draconian Fighter began the quest for the
                  | Orb.
     0 | D:1      | Reached XP level 1. HP: 19/19 MP: 1/1
   214 | D:1      | Reached skill level 4 in Fighting
   214 | D:1      | Reached XP level 2. HP: 27/27 MP: 2/2
  1056 | D:2      | Reached XP level 3. HP: 21/33 MP: 3/3
  1316 | D:1      | Slain by a gnoll

Illustrated notes

Levels and vault maps discovered:
D:1:      minmay_arrival_split_and_join, layout_basic
D:2:      layout_loops_ring, minmay_pentomino_s4

Skill      XL: |  1 |
---------------+----+-----
Fighting       | 4 |  4.0
Short Blades   | |  2.0
Dodging        | |  2.6
Shields        | |  3.9

Action                   || total
-------------------------++-------
Melee: Rapier            ||    73
       Tailslap          ||    10
Armor: Skin              ||    29
Dodge: Dodged            ||    38
Block: Kite shield       ||    57

Table legend: (Time is in decaauts)
 A = Elapsed time spent in this place.
 B = Non-inter-level travel time spent in this place.
 C = Inter-level travel time spent in this place.
 D = Time resting spent in this place.
 E = Time spent auto-exploring this place.
 F = Levels seen in this place.
 G = Mean time per level.
                   A        B        C        D        E       F      G
               +--------+--------+--------+--------+--------+-----+--------+
         Total |   1341 |   1270 |     71 |    130 |    959 |   2 |  670.5 |
       Dungeon |   1341 |   1270 |     71 |    130 |    959 |   2 |  670.5 |
               +--------+--------+--------+--------+--------+-----+--------+

Top non-repeatable levels by time:
     D:1: 1170 daAuts
     D:2: 170 daAuts
